 Seeded DCSS version 0.29.1-15-g9cfb28693d (webtiles) character file.

Game seed: 7207926220249212732 (custom seed)

130784 McKennaii the Stormcaller (level 16, -8/114 HPs)
             Began as a Demigod Air Elementalist on Mar 2, 2023.
             Mangled by a steelbarb worm (19 damage)
             ... on level 2 of the Spider Nest.
             The game lasted 01:02:43 (39502 turns).

McKennaii the Stormcaller (DgAE)                   Turns: 39502, Time: 01:02:43

Health: -8/114     AC: 14    Str: 17    XL:     16   Next: 6%
Magic:  27/40      EV: 13    Int: 45    God:
Gold:   3246       SH:  0    Dex: 13    Spells: 24/44 levels left

rFire   + + .      SeeInvis +   M - +3 Elemental Staff {rElec rF++ rC++ AC+5}
rCold   + . .      Faith    .   (no shield)
rNeg    + . .      Spirit   .   a - +2 robe {Archmagi}
rPois   +          Reflect  .   s - +1 hat of Dishonour {rPois rC- Will+ Int+2}
rElec   +          Harm     .   F - +0 cloak
rCorr   .          Rampage  .   o - +0 pair of gloves
Will    +++++      Archmagi +   O - +1 pair of boots
Stlth   +++.......              Q - amulet "Tihidiup" {RegenMP +Inv Dex-5 Stlth+}
HPRegen 0.29/turn               W - ring "Kiyttuko" {Will+++ Str+8 Int+6 Dex-2 Slay-3}
MPRegen 0.67/turn               X - ring of Dim Light {rN+ Dex+6 SInv}

@: spiked
A: high MP 1, forlorn, divine attributes
a: Evoke Invisibility


You were on level 2 of the Spider Nest.
You visited 4 branches of the dungeon, and saw 24 of its levels.
You also visited: Trove, Ice Cave and Volcano.

You collected 3621 gold pieces.
You spent 375 gold pieces at shops.

Inventory:

Hand Weapons
 M - the +3 Elemental Staff (weapon) {rElec rF++ rC++ AC+5}
   (You took it off a deep elf zephyrmancer on level 12 of the Dungeon)

   If the wielder is skilled in Evocations, they can discharge powerful blasts
   of elemental energy when striking with it.
   It enhances your fire, ice, earth and air magic.
   AC:        It affects your AC (+5).
   rF:        It greatly protects you from fire.
   rC:        It greatly protects you from cold.
   rElec:     It insulates you from electricity.
Missiles
 x - 2 throwing nets
Armour
 a - a +2 robe of the Archmagi (worn)
 o - a +0 pair of gloves (worn)
 s - the +1 hat of Dishonour (worn) {rPois rC- Will+ Int+2}
   (You found it in a treasure trove)

   Int:       It affects your intelligence (+2).
   rC:        It makes you vulnerable to cold.
   rPois:     It protects you from poison.
   Will:      It increases your willpower.
 w - the +5 kite shield "Xid Ureo" {Str+3}
   (You found it in a treasure trove)

   Str:       It affects your strength (+3).
 F - a +0 cloak (worn)
 O - a +1 pair of boots (worn)
Jewellery
 l - the ring of Kioplikk {rF+ rC+}
   (You found it in an ice cave)

   [ring of protection from cold]

   rF:        It protects you from fire.
   rC:        It protects you from cold.
 q - the amulet of Egiuf {Reflect SH+5 SInv}
   (You found it in a treasure trove)

   [amulet of reflection]

   It reflects blocked missile attacks.
   SInv:      It lets you see invisible.
   SH:        It affects your SH (+5).
 z - a ring of flight
 B - the amulet of Okawaru's Indignation {Acrobat rC++ Str+5}
   (You found it in a treasure trove)

   [amulet of the acrobat]

   It increases your evasion while moving and waiting.
   Str:       It affects your strength (+5).
   rC:        It greatly protects you from cold.
 Q - the amulet "Tihidiup" (around neck) {RegenMP +Inv Dex-5 Stlth+}
   (You found it in an ice cave)

   [amulet of magic regeneration]

   It increases your rate of magic regeneration.
   Dex:       It affects your dexterity (-5).
   +Inv:      It lets you turn invisible.
   Stlth:     It makes you more stealthy.
 R - the ring "Tuxaifau" {rC+ Str+6 Dex+3}
   (You found it in an ice cave)

   [ring of protection from cold]

   Str:       It affects your strength (+6).
   Dex:       It affects your dexterity (+3).
   rC:        It protects you from cold.
 U - the ring of Xasunloj {rPois rC++ AC+4 Str+2 Int-3}
   (You took it off a tengu conjurer on level 14 of the Dungeon)

   [ring of protection]

   AC:        It affects your AC (+4).
   Str:       It affects your strength (+2).
   Int:       It affects your intelligence (-3).
   rC:        It greatly protects you from cold.
   rPois:     It protects you from poison.
 W - the ring "Kiyttuko" (left hand) {Will+++ Str+8 Int+6 Dex-2 Slay-3}
   (You took it off an orc knight on level 14 of the Dungeon)

   [ring of intelligence]

   Str:       It affects your strength (+8).
   Int:       It affects your intelligence (+6).
   Dex:       It affects your dexterity (-2).
   Slay:      It affects your accuracy & damage with ranged weapons and melee
   (-3).
   Will:      It greatly increases your willpower.
 X - the ring of Dim Light (right hand) {rN+ Dex+6 SInv}
   (You found it on level 14 of the Dungeon)

   [ring of dexterity]

   Dex:       It affects your dexterity (+6).
   rN:        It protects you from negative energy.
   SInv:      It lets you see invisible.
Wands
 c - a wand of digging (10)
 C - a wand of charming (33)
 J - a wand of acid (20)
 N - a wand of iceblast (6)
 P - a wand of polymorph (12)
 S - a wand of mindburst (6)
Scrolls
 d - 3 scrolls of amnesia
 e - 3 scrolls of silence
 f - 5 scrolls of magic mapping
 h - a scroll of summoning
 j - 6 scrolls of teleportation
 k - 5 scrolls of poison
 t - 2 scrolls of enchant armour
 v - a scroll of fear
 y - 3 scrolls of enchant weapon
 A - 2 scrolls of blinking
 D - a scroll of butterflies
 E - 4 scrolls of vulnerability
 H - 7 scrolls of identify
 I - 2 scrolls of immolation
 K - a scroll of brand weapon
Potions
 b - 3 potions of magic
 g - 4 potions of curing
 m - 3 potions of ambrosia
 n - 4 potions of haste
 p - 3 potions of invisibility
 r - 9 potions of brilliance
 u - 4 potions of mutation
 G - 4 potions of flight
 L - 2 potions of lignification
 T - 2 potions of heal wounds
 V - 2 potions of might
 Y - 2 potions of cancellation


   Skills:
 + Level 3.2 Fighting
 + Level 3.9 Dodging
 - Level 1.7 Stealth
 * Level 14.6 Spellcasting
 - Level 14.4 Conjurations
 - Level 17.7 Air Magic


You had 24 spell levels left.
You knew the following spells:

 Your Spells              Type           Power      Damage    Failure   Level
b - Swiftness             Air            100%       N/A       0%          3
c - Airstrike             Air            81%        2d(12-28) 0%          4
d - Lightning Bolt        Conj/Air       79%        1d105     1%          5
e - Maxwell's Capacitive  Air            81%        ∞         3%          8

Your spell library contained the following spells:

 Spells                   Type           Power      Damage    Failure   Level
 Magic Dart               Conj           100%       1d8       0%          1
 Shock                    Conj/Air       100%       1d9       0%          1
 Searing Ray              Conj           100%       2d8       0%          2
 Static Discharge         Conj/Air       100%       3-16/arc  0%          2
 Necrotise                Necr           100%       1d9       1%          1
 Blink                    Tloc           98%        N/A       1%          2
 Sublimation of Blood     Necr           49%        N/A       1%          2
 Wereblood                Tmut           49%        N/A       1%          2
 Corpse Rot               Necr/Pois/Air  100%       N/A       1%          4
 Fulminant Prism          Conj/Hex       49%        3d21      1%          4
 Summon Lightning Spire   Summ/Air       100%       N/A       1%          4
 Irradiate                Conj/Tmut      49%        3d28      1%          5
 Call Canine Familiar     Summ           49%        N/A       2%          3
 Confusing Touch          Hex            49%        N/A       2%          3
 Lesser Beckoning         Tloc           49%        N/A       2%          3
 Portal Projectile        Hex/Tloc       98%        N/A       2%          3
 Vampiric Draining        Necr           49%        2d9       2%          3
 Dispel Undead            Necr           49%        3d18      8%          4
 Leda's Liquefaction      Hex/Erth       32%        N/A       8%          4
 Petrify                  Tmut/Erth      65%        N/A       8%          4
 Storm Form               Tmut/Air       65%        N/A       17%         7
 Agony                    Necr           49%        N/A       22%         5
 Manifold Assault         Tloc           49%        N/A       22%         5
 Summon Forest            Summ/Tloc      24%        N/A       22%         5
 Summon Mana Viper        Hex/Summ       49%        N/A       22%         5
 Yara's Violent Unravell  Hex/Tmut       24%        3d11      22%         5
 Death Channel            Necr           24%        N/A       77%         6
 Summon Cactus Giant      Summ           24%        N/A       77%         6
 Enfeeble                 Hex            24%        N/A       100%        7
 Summon Hydra             Summ           24%        N/A       100%        7


Dungeon Overview and Level Annotations

Branches:
Dungeon (15/15)            Temple (0/1) D:6            Lair (5/5) D:11
  Swamp (0/4) Lair:2       Spider (2/4) Lair:3        Slime (0/5) Lair:4
    Orc (2/2) D:9             Elf (0/3) Orc:2        Vaults (0/5) D:13
 Depths (0/4) D:15          IceCv (visited)         Volcano (visited)

Shops:
D:10 *   D:13 *   Orc:2 [(=?[


Innate Abilities, Weirdness & Mutations

You have an increased reservoir of magic. (+10% MP)
You shall have no god before yourself.
Your divine heritage dramatically boosts your attributes as you level up.


Message History

You feel a strong surge of power! That beam is likely to hit you.
Continue anyway?
Okay, then.
Casting: Lightning Bolt (safe; 1% risk of failure)
Confirm with . or Enter, or press ? or * to list all spells.
Aiming: Lightning Bolt (safe; 1% risk of failure)
Press: ? - help, Shift-Dir - straight line, f - meliai
Aim: a meliai, wielding a +0 war axe and wearing a +0 robe (57% to hit)
You feel a strong surge of power!
You hear a mighty clap of thunder!
The bolt of lightning misses the meliai.
You hear an angry buzzing noise. x3; You hear a faint skittering sound.
The meliai hits you with a +0 war axe! The meliai completely misses you.
The tarantella closely misses you. The meliai barely misses you.
The meliai stings you but does no damage.
Unknown command.
The tarantella touches you.
You are confused.
The meliai hits you with a +0 war axe. The meliai barely misses you.
The tarantella barely misses you. The steelbarb worm misses you.
The meliai hits you with a +0 war axe! The meliai stings you.
In your confused state, you trip and fall back down the stairs.
The meliai calls down the wrath of its god upon you.
Something smites you!
* * * LOW HITPOINT WARNING * * *
A wolf spider comes into view.
The tarantella completely misses you. The steelbarb worm hits you!
* * * LOW HITPOINT WARNING * * *
Barbed spikes become lodged in your body.
The meliai hits you with a +0 war axe!
* * * LOW HITPOINT WARNING * * *
The meliai misses you.
Unknown command.
Unknown command.
You feel better.
A wolf spider comes into view.
The tarantella barely misses you. The meliai misses you. The meliai stings you.
* * * LOW HITPOINT WARNING * * *
The steelbarb worm hits you!!
You die...

... .. .. . #.
..###.### ##
......†s##...##
[s.[.s†@......#
......y.w......
.........†.....
..........†.#..
............# .
..........$...
............##s
.############


You could see a steelbarb worm, 2 wolf spiders, a tarantella, a redback and a
meliai.

Vanquished Creatures
  Jorgrun (D:13)
  Agnes (Spider:1)
  A rockslime (IceCv)
  2 azure jellies (IceCv)
  An emperor scorpion (Spider:1)
  2 very ugly things (D:14)
  2 broodmothers
  5 quicksilver oozes (IceCv)
  A red draconian (Volcano)
  A fire dragon (D:14)
  6 hydras
  4 centaur warriors
  5 boulder beetles
  An ogre mage (D:13)
  10 two-headed ogres
  4 catoblepae
  A death knight (D:14)
  A deep troll shaman (Lair:5)
  12 death yaks
  Urug (Lair:1)
  A tengu warrior (D:15)
  4 orc high priests
  Nergalle (Lair:2)
  A steelbarb worm (Spider:1)
  3 orange crystal statues (IceCv)
  3 orb spiders (Spider:1)
  5 orc knights
  A necromancer (D:15)
  A wolf spider zombie (D:15)
  2 wizards
  4 oklob plants (Lair:4)
  4 deep elf pyromancers
  A deep elf zephyrmancer (D:12)
  3 wolf spiders
  7 orc sorcerers
  28 ugly things
  5 cyclopes
  19 elephants
  3 manticores
  A moth of wrath (Spider:1)
  A manticore (shapeshifter) (D:14)
  2 centaur zombies (D:15)
  4 black mambas
  A naga mage (D:15)
  A torpor snail (Spider:2)
  A gargoyle (D:13)
  An unseen horror (D:12)
  A centaur skeleton (D:15)
  2 rime drakes
  11 cane toads
  9 komodo dragons
  3 yaktaurs (Volcano)
  2 efreet (D:12)
  2 freezing wraiths (D:14)
  A demonic crawler (Spider:1)
  3 tengu conjurers
  2 meliai (Spider:2)
  A tarantella (shapeshifter) (D:13)
  8 trolls
  3 polar bears
  2 tarantellas (Spider:1)
  22 blink frogs
  23 slime creatures
  5 jumping spiders (Spider:1)
  Sigmund (D:2)
  A culicivora (Spider:2)
  A meliai zombie (D:15)
  2 air elementals (D:12)
  8 wyverns
  59 yaks
  A fire elemental (Lair:5)
  2 fire bats (Lair:5)
  Grum (D:8)
  3 hogs
  3 redbacks (Spider:1)
  A human (D:7)
  3 vampire mosquitoes
  8 basilisks
  3 steam dragons
  2 wargs (Orc:2)
  2 acid dragons (D:11)
  2 sky beasts
  19 water moccasins
  21 orc warriors
  5 great orb of eyes simulacra (IceCv)
  An ice beast (D:8)
  2 black bears
  9 ogres
  23 wolves
  A phantom (D:6)
  4 centaurs
  6 slime creature simulacra (IceCv)
  14 bullfrogs
  5 kobold brigands
  2 glowing shapeshifter simulacra (IceCv)
  3 necrophages
  4 gnoll sergeants (D:9)
  3 scorpions
  6 wights
  9 killer bees
  3 howler monkeys (D:13)
  3 electric eels
  5 hounds
  13 orc priests
  Ijyb (D:4)
  5 iguanas
  Natasha (thrice) (D:2)
  13 orc wizards
  8 gnolls
  3 adders
  3 ufetubi
  3 worms
  2 dart slugs
  49 orcs
  4 ball pythons
  13 endoplasms
  4 giant cockroaches
  7 goblins
  4 hobgoblins
  5 jackals
  2 quokkas (D:1)
  5 bats
  5 frilled lizards
  9 kobolds
  6 rats
  A fungus (Lair:2)
689 creatures vanquished.

Vanquished Creatures (others)
  2 raiju (D:12)
  A howler monkey (D:13)
  An orc wizard (Orc:2)
  33 fungi
  71 plants
108 creatures vanquished.

Grand Total: 797 creatures vanquished

Notes
Turn   | Place    | Note
-------+----------+-------------------------------------------
     0 | D:1      | McKennaii the Demigod Air Elementalist began the quest for
                  | the Orb.
     0 | D:1      | Reached XP level 1. HP: 14/14 MP: 5/5
   138 | D:1      | Reached skill level 1 in Conjurations
   427 | D:1      | Reached skill level 3 in Air Magic
   499 | D:1      | Reached XP level 2. HP: 20/20 MP: 2/7
  1018 | D:2      | Noticed Natasha
  1026 | D:2      | Killed Natasha
  1027 | D:2      | Reached XP level 3. HP: 7/26 MP: 1/8
  1437 | D:2      | Noticed Natasha
  1443 | D:2      | Killed Natasha
  1536 | D:2      | Reached XP level 4. HP: 28/33 MP: 3/10
  1582 | D:2      | Noticed Natasha
  1585 | D:2      | Killed Natasha
  1586 | D:2      | Reached skill level 4 in Air Magic
  2152 | D:2      | Noticed Sigmund
  2184 | D:2      | Killed Sigmund
  2185 | D:2      | Reached XP level 5. HP: 23/38 MP: 8/12
  2627 | D:3      | Learned a level 3 spell: Swiftness
  2632 | D:3      | Learned a level 4 spell: Airstrike
  2701 | D:3      | Reached XP level 6. HP: 45/45 MP: 4/13
  3441 | D:4      | Reached skill level 5 in Air Magic
  3653 | D:4      | You fall into a shaft and drop 2 floors!
  3660 | D:5      | Entered Level 5 of the Dungeon
  4221 | D:4      | Noticed Ijyb
  4235 | D:4      | Killed Ijyb
  5109 | D:5      | Reached XP level 7. HP: 50/50 MP: 7/15
  5767 | D:5      | Reached skill level 6 in Air Magic
  6799 | D:6      | Reached skill level 7 in Air Magic
  6799 | D:6      | Reached XP level 8. HP: 57/57 MP: 10/18
  6935 | D:6      | Found a staircase to the Ecumenical Temple.
  7878 | D:6      | Reached skill level 5 in Conjurations
  7882 | D:6      | Reached skill level 5 in Spellcasting
  7882 | D:6      | Reached skill level 8 in Air Magic
  9291 | D:7      | Reached XP level 9. HP: 62/62 MP: 10/20
  9618 | D:8      | Reached skill level 9 in Air Magic
 10747 | D:8      | Noticed Grum
 10751 | D:8      | Killed Grum
 11089 | D:8      | Reached skill level 10 in Air Magic
 11099 | D:8      | HP: 1/62 [yak (15)]
 11936 | D:8      | Reached XP level 10. HP: 69/69 MP: 14/23
 12183 | D:9      | Noticed a two-headed ogre
 12192 | D:9      | Killed a two-headed ogre
 12861 | D:9      | Reached skill level 11 in Air Magic
 13656 | D:9      | Found a staircase to the Orcish Mines.
 15111 | D:10     | Entered Level 10 of the Dungeon
 15154 | D:10     | Learned a level 5 spell: Lightning Bolt
 15340 | D:10     | Found Iwkuteiq's Elemental Accessories.
 15401 | D:10     | Reached XP level 11. HP: 62/74 MP: 13/26
 15863 | D:10     | Noticed a two-headed ogre
 15873 | D:10     | Killed a two-headed ogre
 15952 | D:10     | Reached skill level 12 in Air Magic
 17049 | D:11     | Noticed a two-headed ogre
 17053 | D:11     | Killed a two-headed ogre
 17821 | D:11     | Found a staircase to the Lair.
 18176 | D:10     | HP: 3/74 [poisoned by a kobold brigand]
 19088 | D:12     | Reached skill level 13 in Air Magic
 19319 | D:12     | Noticed a two-headed ogre
 19321 | D:12     | Killed a two-headed ogre
 19691 | D:12     | Noticed a deep elf pyromancer
 20094 | D:12     | Noticed a catoblepas
 20116 | D:12     | Killed a catoblepas
 20388 | D:12     | Identified the +8 chain mail of Summer {Will++}
 20422 | D:12     | Noticed a deep elf zephyrmancer
 20422 | D:12     | Paralysed by an air elemental for 1 turns
 20425 | D:12     | HP: 3/74 [air elemental (12)]
 20427 | D:12     | Paralysed by an air elemental for 1 turns
 20934 | D:12     | Killed a deep elf zephyrmancer
 20935 | D:12     | Reached XP level 12. HP: 76/81 MP: 12/29
 21612 | D:13     | Noticed a two-headed ogre
 21613 | D:13     | Noticed a two-headed ogre
 21614 | D:13     | Noticed an ogre mage
 21619 | D:13     | Noticed Jorgrun
 21638 | D:13     | Killed a two-headed ogre
 21641 | D:13     | Killed a two-headed ogre
 21750 | D:13     | Killed Jorgrun
 21751 | D:13     | Reached skill level 10 in Conjurations
 21751 | D:13     | Reached skill level 14 in Air Magic
 22232 | D:13     | Killed an ogre mage
 22511 | D:13     | Found Idilawei's General Store.
 22607 | D:13     | Noticed a four-headed hydra
 22615 | D:13     | Killed a four-headed hydra
 22750 | D:13     | Found a gate to the Vaults.
 22900 | D:13     | Noticed a two-headed ogre
 22902 | D:13     | Killed a two-headed ogre
 23415 | D:14     | Noticed a white very ugly thing
 24028 | D:14     | Found a frozen archway.
 24095 | IceCv    | Entered an ice cave
 24283 | IceCv    | Noticed a quicksilver ooze
 24285 | IceCv    | Killed a quicksilver ooze
 24286 | IceCv    | Reached skill level 15 in Air Magic
 24286 | IceCv    | Noticed a quicksilver ooze
 24287 | IceCv    | Killed a quicksilver ooze
 24297 | IceCv    | Learned a level 8 spell: Maxwell's Capacitive Coupling
 24366 | IceCv    | Identified the amulet of Sunlight {+Blink rF+ Regen+ Dex-5}
 24368 | IceCv    | Identified the ring "Xofy" {rElec rC+ Will+++ Str-2 Dex-5}
 24370 | IceCv    | Identified the amulet "Tihidiup" {RegenMP +Inv Dex-5
                  | Stlth+}
 24416 | IceCv    | Noticed a quicksilver ooze
 24419 | IceCv    | Killed a quicksilver ooze
 24420 | IceCv    | Reached skill level 10 in Spellcasting
 24420 | IceCv    | Reached XP level 13. HP: 86/86 MP: 13/31
 24674 | IceCv    | Noticed a rockslime
 24674 | IceCv    | Noticed a quicksilver ooze
 24674 | IceCv    | Noticed an azure jelly
 24675 | IceCv    | Noticed a quicksilver ooze
 24681 | IceCv    | Noticed an azure jelly
 24978 | IceCv    | Killed an azure jelly
 25020 | IceCv    | Killed a rockslime
 25033 | IceCv    | Killed a quicksilver ooze
 25095 | IceCv    | Noticed a quicksilver ooze
 25220 | IceCv    | Killed a quicksilver ooze
 25223 | IceCv    | Killed an azure jelly
 25320 | IceCv    | Got the ring of Kioplikk {rF+ rC+}
 25324 | IceCv    | Got the ring "Tuxaifau" {rC+ Str+6 Dex+3}
 25327 | IceCv    | Identified the +0 ring mail of Death Resistance {+Inv
                  | Str+4}
 26260 | D:14     | Reached skill level 16 in Air Magic
 26485 | D:14     | Identified the ring of Xasunloj {rPois rC++ AC+4 Str+2
                  | Int-3}
 26492 | D:14     | Identified the ring "Voned" {Will- AC+4 Str+6 Int-4 SInv}
 26527 | D:14     | Reached XP level 14. HP: 62/93 MP: 1/34
 26738 | D:14     | Identified the ring "Kiyttuko" {Will+++ Str+8 Int+6 Dex-2
                  | Slay-3}
 26821 | D:14     | Identified the ring of Dim Light {rN+ Dex+6 SInv}
 27404 | D:15     | Entered Level 15 of the Dungeon
 28269 | D:15     | Found a portal to a secret trove of treasure.
 28448 | D:15     | Found a staircase to the Depths.
 28553 | D:15     | You paid a toll of 3 potions of resistance to enter a
                  | treasure trove
 28554 | Trove    | Entered a treasure trove
 28569 | Trove    | Identified the amulet of Egiuf {Reflect SH+5 SInv}
 28571 | Trove    | Identified the +1 hat of Dishonour {rPois rC- Will+ Int+2}
 28579 | Trove    | Identified the +5 kite shield "Xid Ureo" {Str+3}
 28581 | Trove    | Identified the amulet of Okawaru's Indignation {Acrobat
                  | rC++ Str+5}
 28789 | Lair:1   | Entered Level 1 of the Lair of Beasts
 28938 | Lair:1   | Noticed Urug
 28943 | Lair:1   | Killed Urug
 29597 | Lair:2   | Found a staircase to the Swamp.
 29806 | Lair:2   | Noticed Nergalle
 29810 | Lair:2   | Killed Nergalle
 30734 | Lair:3   | Reached skill level 17 in Air Magic
 30885 | Lair:3   | Found a dark tunnel.
 30891 | Volcano  | Entered a volcano
 31944 | Lair:3   | Found a hole to the Spider Nest.
 32197 | Lair:3   | Reached XP level 15. HP: 99/99 MP: 4/36
 33038 | Lair:4   | Found a staircase to the Slime Pits.
 34396 | Lair:5   | Entered Level 5 of the Lair of Beasts
 36211 | Orc:1    | Entered Level 1 of the Orcish Mines
 36678 | Orc:2    | Entered Level 2 of the Orcish Mines
 36686 | Orc:2    | Found Syfu's Armour Shop.
 36690 | Orc:2    | Found a staircase to the Elven Halls.
 37226 | Orc:2    | Reached skill level 1 in Fighting
 38323 | Orc:2    | Found Tirchuynk's Weapon Shop.
 38323 | Orc:2    | Found Yjeehiah's Jewellery Shoppe.
 38331 | Orc:2    | Found Ecluubeq's Magic Scroll Shop.
 38331 | Orc:2    | Found Fulosit's Antique Armour Shoppe.
 38339 | Orc:2    | Bought a faintly glowing scale mail for 270 gold pieces
 38339 | Orc:2    | Identified the +1 scale mail of Instinct {Int+3} (You
                  | bought it in a shop on level 2 of the Orcish Mines)
 38341 | Orc:2    | Bought a scroll of blinking for 105 gold pieces
 38515 | Spider:1 | Entered Level 1 of the Spider Nest
 38532 | Spider:1 | Noticed Agnes
 38591 | Spider:1 | Killed Agnes
 38939 | Spider:1 | Identified the +1 leather armour "Xoceeth" {*Slow rN+
                  | Slay+5}
 39104 | Spider:1 | Reached XP level 16. HP: 99/113 MP: 10/39
 39502 | Spider:2 | Mangled by a steelbarb worm

Illustrated notes

Levels and vault maps discovered:
D:1:      minmay_arrival_plants_in_alcoves, layout_loops_ring
D:2:      layout_loops_cross, st_stairs_3, uniq_natasha, uniq_sigmund
D:3:      layout_loops_ring, mainiacjoe_overflow_chevrons,
          shapermc_ecumenical_altar_pompeii, corexii_leaking_fountain,
          ebering_dispersal_statue_hall
D:4:      layout_gridville, feat_on_display, uniq_ijyb
D:5:      layout_layer_cave, nicolae_uskayaw_murder_on_the_dancefloor
D:6:      layout_loops_corners, mainiacjoe_overflow_cross_hatched,
          minmay_temple_entry_mini_moons, minmay_misc_feat_five
D:7:      layout_rooms, cheibrodos_worm_habitat, minmay_misc_feat_encased,
          chequers_serial_rivers_micro_d, grunt_livestock
D:8:      layout_gridville, uniq_grum
D:9:      layout_rooms, general_overflow_altar,
          kennysheep_orc_monster_closet_entryway, serial_rivers,
          chequers_serial_rivers_room_a, chequers_serial_rivers_small_a,
          chequers_serial_rivers_room_a, chequers_serial_rivers_small_a,
          chequers_serial_rivers_small_3
D:10:     layout_irregular_city, lemuel_crystal_altar, nicolae_elemental_shop,
          amethyst_killhole
D:11:     layout_irregular_city, minmay_lair_entry_grove
D:12:     layout_irregular_city, dilly_guarded_unrand_elemental_staff
D:13:     layout_gridville, david_vaults_2, serial_shops, shop_fountains,
          serial_glass, glass_columns_a, glass_columns_a, glass_columns_c,
          glass_columns_a, glass_columns_b, glass_columns_b, glass_columns_c,
          glass_columns_b, glass_columns_b, glass_columns_a, glass_columns_a,
          glass_columns_a, glass_columns_b, glass_columns_a,
          due_unseen_surprise, feat_on_display, minmay_strange_pillars,
          feat_on_display, uniq_jorgrun
D:14:     minmay_the_grid_triangle_9x9_line_8_mashed
          [minmay_the_grid_triangle_9x9_cache,
          minmay_the_grid_triangle_9x9_dagger,
          minmay_the_grid_triangle_9x9_stretched_checkered,
          minmay_the_grid_triangle_9x9_wacky_v,
          minmay_the_grid_triangle_9x9_negative_grid,
          minmay_the_grid_triangle_9x9_alien,
          minmay_the_grid_triangle_9x9_shrine,
          minmay_the_grid_triangle_9x9_prize_special], layout_loops_ring,
          portal_ice_cave_entry_ugly_swarm, fiery_altar_vehumet
D:15:     grunt_enter_depths_magical_seal, layout_rooms, serial_park_avenue1,
          enter_trove_1
Lair:1:   layout_regular_city, dpeg_stationary_puzzle, uniq_urug
Lair:2:   layout_gridlike, swamp_mist_pool, nicolae_lair_run_with_the_wolves,
          uniq_nergalle
Lair:3:   layout_layer_cave, dummy_spider_entry, nicolae_volcano_entry_s_turn,
          serial_bayou_shore_b, grunt_megastairs_3
Lair:4:   minmay_lair_oklob_chamber, layout_loops_ring,
          nicolae_slime_entry_slimehenge, nzn_masters_of_martial_movement,
          lemuel_fruit_tree
Lair:5:   grunt_lair_end_beastmaster, layout_gridlike, serial_bayou_shore_b,
          grunt_megastairs_4
Spider:1: layout_spider_delve, uniq_agnes
Spider:2: layout_chambers, nicolae_looking_at_the_future
Orc:1:    layout_caves
Orc:2:    grunt_orc_tribal_feast, layout_diamond_mine, serial_shops,
          nicolae_shop_statue_plus

Skill      XL: |  1  2  3  4  5  6  7  8  9 10 11 12 13 14 15 16 |
---------------+-------------------------------------------------+-----
Conjurations   | 1 2 3 4 5 6 8 9 10 12 13 14 | 14.4
Air Magic      | 3 4 5 7 8 10 11 13 15 16 17 | 17.7
Spellcasting   | 2 3 4 5 6 7 8 10 11 12 14 | 14.6
Dodging        | 3 |  3.9
Fighting       | 2 3 |  3.2
Stealth        | |  1.7

Action                   |  1- 3 |  4- 6 |  7- 9 | 10-12 | 13-15 | 16-18 || total
-------------------------+-------+-------+-------+-------+-------+-------++-------
Melee: Dagger            |     3 |     6 |    17 |    28 |       |       ||    54
       Punch             |       |       |       |     1 |     2 |       ||     3
       Staff             |       |       |       |     5 |    81 |       ||    86
 Cast: Shock             |    65 |   125 |   181 |    99 |       |       ||   470
       Airstrike         |       |       |    56 |   268 |   707 |    12 ||  1043
       Swiftness         |       |       |     1 |       |     2 |       ||     3
       Lightning Bolt    |       |       |       |    55 |   151 |     6 ||   212
Evoke: Wand              |       |       |       |    14 |     5 |       ||    19
  Use: Scroll            |       |       |    16 |    14 |    14 |       ||    44
       Potion            |       |       |       |     4 |     4 |     1 ||     9
Armor: Robe              |       |    10 |    11 |    79 |   158 |     6 ||   264
Dodge: Dodged            |     6 |    26 |    64 |   107 |   175 |    16 ||   394
